 Dungeon Crawl Stone Soup version 0.26-a0-651-gb41185065b (webtiles) character file.

Game seed: 7692412615257895653

109 kae the Ruffian (level 4, -5/35 HPs)
             Began as a Draconian Transmuter on Oct 13, 2020.
             Slain by Sigmund
             ... wielding a +0 scythe
              (12 damage)
             ... on level 2 of the Dungeon.
             The game lasted 00:02:06 (3316 turns).

kae the Ruffian (Draconian Transmuter)              Turns: 3316, Time: 00:02:06

Health: -5/35      AC:  2    Str: 13    XL:     4   Next: 60%
Magic:  1/7        EV: 19    Int: 14    God:
Gold:   82         SH:  0    Dex: 16    Spells: 1/7 levels left

rFire    . . .     SeeInvis .     - Unarmed
rCold    . . .     Faith    .   (shield currently unavailable)
rNeg     . . .     Spirit   .   (armour unavailable)
rPois    x         Reflect  .   (helmet currently unavailable)
rElec    .         Harm     .   (cloak currently unavailable)
rCorr    .         Rampage  .   (gloves currently unavailable)
MR       .....                  (boots currently unavailable)
Stlth    +.........             (no amulet)
HPRegen  0.11/turn              (no ring)
MPRegen  0.10/turn              (no ring)

@: spider-form (expiring), very slightly contaminated, hasted, very quick
A: tiny, unfitting armour, AC +5
a: End Transformation


You were on level 2 of the Dungeon.
You were a venomous arachnid creature.
You visited 1 branch of the dungeon, and saw 2 of its levels.

You collected 82 gold pieces.

Inventory:

Hand Weapons
 f - a +0 spear (melded)
Scrolls
 a - 3 scrolls of teleportation {unknown}
 b - a scroll of fear {unknown}
 h - a scroll of remove curse {unknown}
 i - a scroll of enchant weapon {unknown}
Potions
 d - a potion of mutation {unknown}
 e - a potion of might {unknown}
 g - a potion of cancellation {unknown}


   Skills:
 - Level 1.1 Fighting
 - Level 1.7 Dodging
 * Level 4.8 Unarmed Combat
 - Level 2.0 Spellcasting
 + Level 3.1 Transmutations


You had one spell level left.
You knew the following spells:

 Your Spells              Type           Power        Failure   Level
a - Beastly Appendage     Tmut           ##....       17%         1
b - Wereblood             Tmut           ##......     24%         2
c - Spider Form           Tmut/Pois      #.........   58%         3

Your spell library contained the following spells:

 Spells                   Type           Power        Failure   Level
 Ice Form                 Ice/Tmut       #.......     90%         4
 Blade Hands              Tmut           ##........   96%         5


Dungeon Overview and Level Annotations

Branches:
Dungeon (2/15)

Altars:
Yredelemnul

Annotations:
D:1 exclusion: downstairs
D:2 Sigmund


Innate Abilities, Weirdness & Mutations

((Your plain brown scales are hard. (AC +5)))
You cannot fit into any form of body armour.
((You are cold-blooded and may be slowed by cold attacks.))


Message History

Confirm with . or Enter, or press ? or * to list all spells.
The spell is quite dangerous to cast (36% risk of failure)!
Continue anyway? [Y]es or [N]o only, please.
The spell is quite dangerous to cast (36% risk of failure)!
Continue anyway?
You turn into a venomous arachnid creature.
Your +0 spear melds into your body.
Something closely misses you. Something hits you!
You closely miss something. You closely miss something.
You hear some strange, mumbled words.
A magic dart appears from out of thin air!
The magic dart hits you!
You hit something. Something hits you!
You bite something! You closely miss something.
Your transformation is almost over.
Something hits you.
* * * LOW HITPOINT WARNING * * *
It was a potion of haste.
You feel yourself speed up. Something hits you!
You die...

#.##..######.####
#..).........# .#
###.#.######## .#
..(...# .# #.#.###
.# #[#.# .# #.#.#
.#
#.#.#############{#
..#.............s.#
###.###############
###


There were no monsters in sight!

Vanquished Creatures
  Robin (D:2)
  2 adders (D:2)
  An ooze (D:2)
  2 dart slugs
  A leopard gecko (D:2)
  7 bats
  A giant cockroach (D:2)
  2 gnoll zombies (D:2)
  14 goblins
  11 hobgoblins
  7 jackals (D:2)
  4 kobolds
  A quokka (D:2)
  5 frilled lizards
  3 rats
62 creatures vanquished.

Vanquished Creatures (others)
  9 plants (D:1)
9 creatures vanquished.

Grand Total: 71 creatures vanquished

Notes
Turn   | Place    | Note
-------+----------+-------------------------------------------
     0 | D:1      | kae the Draconian Transmuter began the quest for the Orb.
     0 | D:1      | Reached XP level 1. HP: 16/16 MP: 3/3
   349 | D:1      | Reached XP level 2. HP: 17/23 MP: 5/5
  1182 | D:2      | Noticed a water moccasin
  1218 | D:2      | Reached XP level 3. HP: 21/28 MP: 4/6
  1361 | D:2      | Reached skill level 4 in Unarmed Combat
  1778 | D:2      | Found a basalt altar of Yredelemnul.
  1958 | D:2      | Reached XP level 4. HP: 8/35 MP: 5/7
  2230 | D:2      | Noticed Robin
  2672 | D:1      | Learned a level 2 spell: Wereblood
  2676 | D:1      | Learned a level 3 spell: Spider Form
  2683 | D:2      | Killed Robin
  3306 | D:2      | Noticed Sigmund
  3316 | D:2      | Slain by Sigmund

Illustrated notes

Levels and vault maps discovered:
D:1:      erik_arrival_triangle_small, layout_loops_ring, serial_forest,
          infiniplex_forest_straight_2, infiniplex_forest_lined_corner,
          infiniplex_forest_clump_cross, infiniplex_forest_join,
          infiniplex_forest_clump_medium, infiniplex_forest_zigzag_1,
          infiniplex_forest_zigzag_1, infiniplex_forest_clump_long,
          minmay_misc_feat_room, minmay_misc_feat_rows
D:2:      layout_basic, lemuel_zombie_altar_yredelemnul,
          nicolae_ru_path_of_blood, uniq_robin, uniq_sigmund

Skill      XL: |  1  2  3  4 |
---------------+-------------+-----
Unarmed Combat | 4 |  4.8
Transmutations | 3 |  3.1
Fighting       | |  1.1
Dodging        | |  1.7
Spellcasting   | |  2.0

Action                   |  1- 3 |  4- 6 || total
-------------------------+-------+-------++-------
Melee: Unarmed           |    52 |     9 ||    61
       Tailslap          |     9 |     8 ||    17
       Spear             |    88 |    65 ||   153
       Kick              |     7 |     5 ||    12
       Headbutt          |     5 |     2 ||     7
       Punch             |     1 |       ||     1
 Cast: Beastly Appendage |    16 |     6 ||    22
       Spider Form       |       |     2 ||     2
  Use: Potion            |       |     2 ||     2
Armor: Skin              |    46 |    22 ||    68
Dodge: Dodged            |   118 |    63 ||   181

Table legend: (Time is in decaauts)
 A = Elapsed time spent in this place.
 B = Non-inter-level travel time spent in this place.
 C = Inter-level travel time spent in this place.
 D = Time resting spent in this place.
 E = Time spent auto-exploring this place.
 F = Levels seen in this place.
 G = Mean time per level.
                   A        B        C        D        E       F      G
               +--------+--------+--------+--------+--------+-----+--------+
         Total |   3329 |   3285 |     44 |    724 |   2121 |   2 | 1664.5 |
       Dungeon |   3329 |   3285 |     44 |    724 |   2121 |   2 | 1664.5 |
               +--------+--------+--------+--------+--------+-----+--------+

Top non-repeatable levels by time:
     D:2: 1706 daAuts
     D:1: 1622 daAuts
